 Dungeon Crawl Stone Soup version 0.31-a0-175-g9f7f995f2b (webtiles) character file.

Game seed: 7166397304879447121

550 qw the Chopper (level 7, -1/43 HPs)
             Began as a Gargoyle Fighter on June 17, 2023.
             Was an Initiate of Okawaru.
             Slain by Prince Ribbit (13 damage)
             ... on level 5 of the Dungeon.
             The game lasted 00:02:09 (3474 turns).

qw the Chopper (Gargoyle Fighter)                   Turns: 3474, Time: 00:02:10

Health: -1/43      AC: 21    Str: 21      XL:     7   Next: 29%
Magic:  6/6        EV:  8    Int:  9      God:    Okawaru [......]
Gold:   134        SH:  4    Dex:  8 (9)  Spells: 6/6 levels left

rFire   . . .        Y - +0 war axe
rCold   + . .        c - +0 buckler
rNeg    + . .        j - +0 chain mail
rPois   inf          (helmet restricted)
rElec   +            (no cloak)
rCorr   .            r - +0 pair of gloves
SInv    .            b - +3 pair of mountain boots {steadfast, rC+}
Will    .....        (no amulet) Stlth
                     (no ring)
HPRegen 0.27/turn    (no ring)
MPRegen 0.10/turn

%: no passive effects
@: no status effects
A: sickness immunity, AC +4, negative energy resistance 1, electricity
resistance, torment resistance 1, petrification resistance, horns 1, iridescent
scales 1, low MP 1, sense surroundings 2
a: Renounce Religion


You were on level 5 of the Dungeon.
You worshipped Okawaru.
Okawaru was noncommittal.
You visited 2 branches of the dungeon, and saw 6 of its levels.

You collected 233 gold pieces.
You spent 99 gold pieces at shops.


Innate Abilities, Weirdness & Mutations

You are immune to sickness and miasma.
Your stone body is resilient. (AC +4)
You are immune to poison.
You resist negative energy. (rN+)
You are resistant to electric shocks. (rElec)
You are resistant to unholy torment.
You are immune to petrification.
You have a pair of small horns on your head.
You are partially covered in iridescent scales. (AC +2)
Your magical capacity is low. (-10% MP)
You passively map the area around you.


   Skills:
 - Level 4.0 Fighting
 + Level 6.6 Axes
 - Level 3.2 Armour
 - Level 1.0 Dodging
 - Level 3.2 Shields


You had 6 spell levels left.
You didn't know any spells.
Your spell library was empty.

Inventory:

Hand Weapons
 p - a +0 mace
 Y - a +0 war axe (weapon)
Armour
 b - the +3 pair of mountain boots (worn) {steadfast, rC+}
   (You acquired it on level 4 of the Dungeon)

   Steadfast: It prevents involuntary movement, except for blinking,
   teleportation, or banishment.
   rC:        It protects you from cold.
 c - a +0 buckler (worn)
 j - a +0 chain mail (worn)
 r - a +0 pair of gloves (worn)
Jewellery
 n - an amulet of guardian spirit
Scrolls
 g - a scroll of enchant armour {unknown}
 k - a scroll of identify
Potions
 a - a potion of lignification {unknown}
 d - a potion of might
 e - a potion of heal wounds
 f - a potion of resistance {unknown}
 h - a potion of attraction {unknown}
 i - a potion of enlightenment {unknown}
 l - 3 potions of curing
 m - a potion of degeneration {unknown}
 o - a potion of ambrosia {unknown}
 s - a potion of brilliance {unknown}

Dungeon Overview and Level Annotations

Branches:
Dungeon (5/15)             Temple (1/1) D:4

Altars:
Ashenzari
Fedhas
Gozag
Makhleb
Nemelex Xobeh
Okawaru
Qazlal
Ru
Sif Muna
Vehumet
Wu Jian
Xom
Yredelemnul
Zin

Shops:
D:4 *

Annotations:
D:5 3 runed translucent doors, Prince Ribbit; qw's ghost, novice NaHu


Message History

The orc shouts!
You hear a bark!
Found a chain mail.
Enter note:
Enter note: The hound barks!
Prince Ribbit comes into view.
Prince Ribbit croaks.
Prince Ribbit catches a baby bat with his tongue.
Enter note:
Enter note: You miss Prince Ribbit.
Your headbutt misses Prince Ribbit.
Prince Ribbit hits you but does no damage.
You miss Prince Ribbit.
Prince Ribbit hits you but does no damage. x2
You closely miss Prince Ribbit. Your headbutt misses Prince Ribbit.
Prince Ribbit hits you.
You closely miss Prince Ribbit. Your headbutt misses Prince Ribbit.
You hear the hiss of a distant avalanche of sand.
Prince Ribbit hits you. Prince Ribbit hits you!
You barely miss Prince Ribbit. Your headbutt misses Prince Ribbit.
Prince Ribbit hits you. Prince Ribbit hits you!
You slash Prince Ribbit!
Prince Ribbit is moderately wounded.
Prince Ribbit barely misses you.
You miss Prince Ribbit. You headbutt Prince Ribbit.
Prince Ribbit is heavily wounded.
Prince Ribbit hops awkwardly around.
Prince Ribbit blinks!
You barely miss Prince Ribbit. Your headbutt misses Prince Ribbit.
Prince Ribbit is heavily wounded.
Prince Ribbit hits you. Prince Ribbit hits you!
3473 ||| DRINKING 2 potions of heal wounds.
You feel much better. Prince Ribbit hits you!
You slash Prince Ribbit!
Prince Ribbit is heavily wounded.
Prince Ribbit hits you but does no damage.
Prince Ribbit catches a small bird with his tongue.
Prince Ribbit hits you!
You die...

, , .,.# * * , * ,.#.#
*** , *#... * ,, ,
#..#** ** # * #..# .#
* #..# .#
#.[#########.#* ,
#######.........@F#*
.........#####.###.#*
, ....####...#
#...#*.# ###.#
##.#.###.#.###.. * #.#
#...............# #.#
#...............#
##.###..###+++###....*
##...##..#9oWhro.#....
.....>...#.......# ...


You could see Prince Ribbit.

Vanquished Creatures
  Eustachio (D:5)
  Blork the orc (D:5)
  A vampire bat (D:4)
  2 hounds
  A jelly (D:4)
  11 adders
  3 gnolls (D:3)
  2 worms
  A dart slug (D:2)
  2 orcs
  6 endoplasms
  2 giant cockroaches
  8 goblins
  9 hobgoblins
  6 jackals
  5 quokkas
  6 ball pythons
  11 bats
  3 frilled lizards
  8 kobolds
  5 rats
94 creatures vanquished.

Notes
Turn   | Place    | Note
-------+----------+-------------------------------------------
     0 | D:1      | qw the Gargoyle Fighter began the quest for the Orb.
     0 | D:1      | Reached XP level 1. HP: 14/14 MP: 1/1
     0 | D:1      | 0 ||| qw: Version: 0.3-a-2-g5ab2908
     0 | D:1      | 0 ||| qw: Game counter: 142
     0 | D:1      | 0 ||| qw: Always use a shield: true
     0 | D:1      | 0 ||| qw: God list: Okawaru
     0 | D:1      | 0 ||| qw: Allow faded altars: false
     0 | D:1      | 0 ||| qw: Do Orc after D:15 true
     0 | D:1      | 0 ||| qw: Do second Lair branch before Depths: true
     0 | D:1      | 0 ||| qw: Lair rune preference: random
     0 | D:1      | 0 ||| qw: Plans: Normal, Zot:1-4, Slime:5, God:TSO, Crypt,
                  | Tomb, Abyss, Pan, Hells, Win
     0 | D:1      | 0 ||| PLANNING D:1-11
   114 | D:1      | 114 ||| Stepping ~*~*~tactically~*~*~ (stealth).
   120 | D:1      | Reached skill level 2 in Axes
   185 | D:1      | Reached XP level 2. HP: 19/19 MP: 2/2
   202 | D:1      | 202 ||| Stepping ~*~*~tactically~*~*~ (stealth).
   564 | D:1      | Reached skill level 3 in Axes
   583 | D:1      | 583 ||| UPGRADING to +0 pair of boots.
   588 | D:1      | 588 ||| READING scroll labelled YTUSHA XOGRE.
   589 | D:1      | 589 ||| READING 2 scrolls labelled MEPSULL LAXKAW.
   590 | D:1      | 590 ||| READING scroll labelled CUKUT MAEL.
   591 | D:1      | 591 ||| DRINKING 2 inky potions.
   644 | D:2      | Reached XP level 3. HP: 19/23 MP: 3/3
   938 | D:2      | Reached XP level 4. HP: 22/28 MP: 4/4
   994 | D:2      | 994 ||| DROPPING +0 whip.
  1041 | D:2      | Reached skill level 4 in Axes
  1064 | D:2      | 1064 ||| Stepping ~*~*~tactically~*~*~ (stealth).
  1071 | D:2      | 1071 ||| Stepping ~*~*~tactically~*~*~ (stealth).
  1072 | D:2      | 1072 ||| Stepping ~*~*~tactically~*~*~ (stealth).
  1073 | D:2      | 1073 ||| Stepping ~*~*~tactically~*~*~ (stealth).
  1363 | D:2      | 1363 ||| UPGRADING to +0 pair of gloves.
  1368 | D:2      | 1368 ||| UPGRADING to amulet of guardian spirit.
  1373 | D:2      | 1373 ||| READING scroll labelled ZAESHR ONAILLYOH.
  1374 | D:2      | 1374 ||| READING 2 scrolls labelled ZUPAIH KUKASUE.
  1375 | D:2      | 1375 ||| DRINKING 2 blue potions.
  1375 | D:2      | Gained mutation: Armour fits poorly on your strangely
                  | shaped body. [potion of mutation]
  1376 | D:2      | 1376 ||| DRINKING potion of mutation.
  1376 | D:2      | Lost mutation: Armour fits poorly on your strangely shaped
                  | body. [potion of mutation]
  1376 | D:2      | Gained mutation: You passively map a small area around you.
                  | [potion of mutation]
  1376 | D:2      | Gained mutation: Your magical capacity is low. (-10% MP)
                  | [potion of mutation]
  1376 | D:2      | Gained mutation: You have hidden genetic potential. [potion
                  | of mutation]
  1376 | D:2      | Gained mutation: You are partially covered in iridescent
                  | scales. (AC +2) [potion of mutation]
  1377 | D:2      | 1377 ||| DROPPING scroll of fog.
  1592 | D:3      | 1592 ||| Stepping ~*~*~tactically~*~*~ (hiding).
  1594 | D:3      | 1594 ||| Stepping ~*~*~tactically~*~*~ (hiding).
  1595 | D:3      | 1595 ||| Stepping ~*~*~tactically~*~*~ (hiding).
  1604 | D:3      | 1604 ||| Stepping ~*~*~tactically~*~*~ (stealth).
  1762 | D:3      | Noticed an angel
  1763 | D:3      | Found a glowing silver altar of Zin.
  1763 | D:3      | Found a shimmering altar of Xom.
  1781 | D:3      | 1781 ||| READING scroll labelled POVA PEPHEHE.
  1782 | D:3      | 1782 ||| Stepping ~*~*~tactically~*~*~ (hiding).
  1785 | D:3      | 1785 ||| Stepping ~*~*~tactically~*~*~ (hiding).
  1787 | D:3      | 1787 ||| Stepping ~*~*~tactically~*~*~ (hiding).
  1797 | D:3      | Reached XP level 5. HP: 19/32 MP: 2/4
  1816 | D:3      | 1816 ||| Stepping ~*~*~tactically~*~*~ (stealth).
  1819 | D:3      | 1819 ||| Stepping ~*~*~tactically~*~*~ (stealth).
  1903 | D:3      | 1903 ||| READING scroll labelled UQUHOCAL ELOT.
  1904 | D:3      | 1904 ||| DRINKING 2 cyan potions.
  1927 | D:3      | 1927 ||| Stepping ~*~*~tactically~*~*~ (stealth).
  1969 | D:3      | Gained mutation: You have a pair of small horns on your
                  | head. [hidden potential]
  2273 | D:3      | Found a faded altar of an unknown god.
  2284 | D:3      | Found a sparkling altar of Nemelex Xobeh.
  2322 | D:3      | 2322 ||| DRINKING 3 bubbling orange potions.
  2323 | D:3      | 2323 ||| DROPPING 2 potions of invisibility.
  2373 | D:4      | 2373 ||| Stepping ~*~*~tactically~*~*~ (stealth).
  2427 | D:4      | Reached skill level 5 in Axes
  2499 | D:4      | Reached XP level 6. HP: 37/38 MP: 3/5
  2541 | D:4      | Reached skill level 1 in Dodging
  2556 | D:4      | Gained mutation: You passively map the area around you.
                  | [hidden potential]
  2556 | D:4      | Lost mutation: You have hidden genetic potential. [hidden
                  | potential expressed]
  2606 | D:4      | Found Tommefreom's Assorted Antiques.
  2612 | D:4      | 2612 ||| BUYING chain mail (81 gold).
  2612 | D:4      | Bought a chain mail for 81 gold pieces
  2612 | D:4      | 2612 ||| BUYING scroll labelled VIDUJY CEQUKK (18 gold).
  2612 | D:4      | Bought a scroll labelled VIDUJY CEQUKK for 18 gold pieces
  2728 | D:4      | 2728 ||| UPGRADING to +0 chain mail.
  2738 | D:4      | 2738 ||| DROPPING +0 scale mail.
  2739 | D:4      | 2739 ||| READING scroll labelled VIDUJY CEQUKK.
  2739 | D:4      | 2739 ||| ACQUIRING +3 pair of mountain boots {steadfast,
                  | rC+}
  2739 | D:4      | Acquired the +3 pair of mountain boots {steadfast, rC+}
  2739 | D:4      | Found the +3 pair of mountain boots {steadfast, rC+}
  2747 | D:4      | 2747 ||| STAIRDANCE
  2790 | D:4      | 2790 ||| UPGRADING to +3 pair of mountain boots {steadfast,
                  | rC+}.
  2800 | D:4      | 2800 ||| DROPPING +0 pair of boots.
  2807 | D:4      | 2807 ||| STAIRDANCE
  2819 | D:4      | Found a staircase to the Ecumenical Temple.
  2820 | D:4      | 2820 ||| PLANNING TEMPLE
  2856 | Temple   | Entered the Ecumenical Temple
  2857 | Temple   | 2857 ||| PLANNING OKAWARU WORSHIP
  2899 | Temple   | Became a worshipper of Warmaster Okawaru
  2900 | Temple   | 2900 ||| PLANNING D:1-11
  2900 | Temple   | 2900 ||| REMOVING amulet of guardian spirit.
  3176 | D:5      | Entered Level 5 of the Dungeon
  3177 | D:5      | 3177 ||| PLANNING OSSUARY
  3200 | D:5      | Noticed Blork the orc
  3201 | D:5      | 3201 ||| Stepping ~*~*~tactically~*~*~ (hiding).
  3215 | D:5      | Killed Blork the orc
  3216 | D:5      | Reached skill level 6 in Axes
  3250 | D:5      | Noticed Eustachio
  3293 | D:5      | 3293 ||| FLEEEEING.
  3294 | D:5      | 3294 ||| FLEEEEING.
  3295 | D:5      | 3295 ||| FLEEEEING.
  3297 | D:5      | 3297 ||| FLEEEEING.
  3303 | D:5      | Killed Eustachio
  3304 | D:5      | Reached XP level 7. HP: 28/43 MP: 6/6
  3447 | D:5      | Found a runed translucent gate.
  3447 | D:5      | Found a runed translucent gate.
  3447 | D:5      | Noticed a gargoyle
  3447 | D:5      | Noticed qw's ghost (novice NaHu)
  3448 | D:5      | Found a runed translucent gate.
  3463 | D:5      | Noticed Prince Ribbit
  3472 | D:5      | HP: 1/43 [Prince Ribbit (13)]
  3473 | D:5      | 3473 ||| DRINKING 2 potions of heal wounds.
  3474 | D:5      | Slain by Prince Ribbit

Levels and vault maps discovered:
D:1:      ncdulo_watergridlock, layout_basic
D:2:      layout_loops_ring
D:3:      layout_loops_corners, grunt_temple_overflow_order_and_chaos_1,
          nicolae_overflow_ecumenical_swirl, kennysheep_nub, nrook_mini_vaults,
          minmay_liquid_box
D:4:      layout_cave_pools, minmay_temple_entry_junction_2, serial_shops,
          kennysheep_little_box, roderic_batcave, nicolae_the_louvre
D:5:      layout_loops_ring, mainiacjoe_overflow_boulevard,
          nicolae_ossuary_entry_false_entrances, gammafunk_ghost_split,
          uniq_ijyb, uniq_prince_ribbit1, uniq_sigmund, uniq_blork_the_orc,
          uniq_eustachio
Temple:   hellmonk_temple_of_storms

Skill      XL: |  1  2  3  4  5  6 |
---------------+-------------------+-----
Axes           | 2 3 4 5 6 |  6.6
Fighting       | 4 |  4.0
Dodging        | 1 |  1.0
Armour         | |  3.2
Shields        | |  3.2

Action                     |  1- 3 |  4- 6 |  7- 9 || total
---------------------------+-------+-------+-------++-------
  Melee: War axe           |   101 |   229 |    11 ||   341
         Headbutt          |       |    16 |     1 ||    17
  Throw: Boomerang         |       |    16 |       ||    16
    Use: Scroll            |     3 |     5 |       ||     8
         Potion            |     1 |     4 |     1 ||     6
 Armour: Scale mail        |    45 |    85 |       ||   130
         Chain mail        |       |    75 |     5 ||    80
  Dodge: Dodged            |    40 |   107 |     1 ||   148
  Block: Buckler           |    17 |    52 |     1 ||    70

Table legend:
 A = Non-vault XP
 B = Vault XP
 C = Vault XP percentage of total XP
 D = Non-vault monster count
 E = Vault monster count
 F = Vault count percentage of total count
                 A         B        C        D         E       F
            +---------+---------+-------+---------+---------+-------
      Total |     439 |     347 |  44.1 |      84 |      10 |  10.6
            +---------+---------+-------+---------+---------+-------
        D:1 |      33 |       0 |   0.0 |      21 |       0 |   0.0
        D:2 |      92 |       0 |   0.0 |      23 |       0 |   0.0
        D:3 |      97 |       0 |   0.0 |      20 |       0 |   0.0
        D:4 |     164 |      65 |  28.4 |      18 |       8 |  30.8
        D:5 |      53 |     282 |  84.2 |       2 |       2 |  50.0
            +---------+---------+-------+---------+---------+-------
